 Seeded DCSS version 0.27-a0-1301-g128193abf8 (webtiles) character file.

Game seed: 20210425 (custom seed)

53 muata the Magician (level 4, 31/31 HPs)
             Began as a Djinni Fire Elementalist on Apr 25, 2021.
             Quit the game on level 3 of the Dungeon on June 17, 2021.
             The game lasted 00:09:20 (2195 turns).

muata the Magician (Djinni Fire Elementalist)       Turns: 2195, Time: 00:09:21

Health: 31/31      AC:  2    Str:  7    XL:     4   Next: 10%
Gold:   95         EV: 12    Int: 18    God:
                   SH:  0    Dex: 13

rFire    + + .     SeeInvis .   c - +0 short sword (elec)
rCold    x . .     Faith    .   (no shield)
rNeg     . . .     Spirit   .   a - +0 robe
rPois    ∞         Reflect  .   (no helmet)
rElec    .         Harm     .   (no cloak)
rCorr    .         Rampage  .   (no gloves)
Will     .....                  (boots unavailable)
Stlth    ++........             (no amulet)
HPRegen  0.10/turn              (no ring)
MPRegen  0.00/turn              (no ring)

@: flying
A: sickness immunity, fire resistance 2, cold vulnerability 1, float, innate
caster, hp casting, extra vitality 1
a: no special abilities


You were on level 3 of the Dungeon.
You visited 1 branch of the dungeon, and saw 3 of its levels.

You collected 95 gold pieces.

Inventory:

Hand Weapons
 c - a +0 short sword of electrocution (weapon)
 j - a +0 hunting sling
Missiles
 l - 100 stones
 o - 5 javelins
Armour
 a - a +0 robe (worn)
 m - a +0 pair of boots
Jewellery
 g - a +4 ring of protection
Scrolls
 b - a scroll of holy word {unknown}
 d - a scroll of brand weapon {unknown}
 e - 2 scrolls of magic mapping {unknown}
 f - a scroll of amnesia {unknown}
 i - a scroll of identify {unknown}
Potions
 h - a potion of lignification {unknown}
 k - 2 potions of cancellation {unknown}
 n - a potion of brilliance {unknown}


   Skills:
 - Level 2.1 Dodging
 - Level 1.5 Stealth
 + Level 3.6 Spellcasting


You couldn't memorise any spells.
You knew the following spells:

 Your Spells              Type           Power      Damage    Failure   Level
a - Foxfire               Conj/Fire      64%        2x1d7     3%          1
b - Conjure Flame         Conj/Fire      16%        6-21      10%         3
c - Inner Flame           Hex/Fire       16%        N/A       10%         3
d - Sticky Flame          Conj/Fire      16%        2d4       32%         4
e - Fireball              Conj/Fire      8%         3d6       67%         5
f - Sting                 Tmut/Pois      64%        1d6       3%          1
Your spell library was empty.

Dungeon Overview and Level Annotations

Branches:
Dungeon (3/15)

Altars:
Gozag

Annotations:
D:1 1 runed translucent door


Innate Abilities, Weirdness & Mutations

You are immune to sickness and miasma.
You are immune to poison.
Your flesh is very heat resistant. (rF++)
You are vulnerable to cold. (rC-)
You float through the air rather than walking.
You learn spells naturally, not from books.
Your magical power is your life essence.
You have superior vitality. (+4 HP)


Message History

Casting: Foxfire (safe; 3% risk of failure)
Confirm with . or Enter, or press ? or * to list all spells.
You conjure some foxfire!
Your foxfire dissipates!
You see here a ball python corpse.
A bat and a kobold come into view.
The bat misses you.
Found a stone staircase leading up.
The bat barely misses you.
Casting: Foxfire (safe; 3% risk of failure)
Confirm with . or Enter, or press ? or * to list all spells.
You conjure some foxfire!
The bat hits you.
Casting: Foxfire (safe; 3% risk of failure)
Confirm with . or Enter, or press ? or * to list all spells.
You conjure some foxfire!
The foxfire hits the bat.
You kill the bat!
The foxfire hits the rat.
The rat is heavily wounded.
The foxfire hits the rat.
You kill the rat!
Your foxfire dissipates!
You see here a bat corpse.
Casting: Foxfire (safe; 3% risk of failure)
Confirm with . or Enter, or press ? or * to list all spells.
You conjure some foxfire!
The foxfire hits the kobold.
You kill the kobold!
Your foxfire dissipates!
You see here a +0 short sword.
Found a robe.
An orc comes into view. It is wielding a +0 trident.
An orc is nearby!
Your Spellcasting skill decreases to level 3!
Welcome back, muata the Djinni Fire Elementalist.
Game seed: 20210425 (custom seed) Press ? for a list of commands and other information.
You have reached level 4!
You feel clever.
Unknown command.
Are you sure you want to abandon this character and quit the game? (Confirm with "yes".)

#.o. ... ..[
.# #.. ..##
#.# ...# #.#
.....
#.####....
####@.......
#.......#...
#.......#
#..###..#
#..# #..#
#..###..#
###.......#
###
#.........#
#...# <...
#.####.####
###...#####


You could see an orc (asleep).

Vanquished Creatures
  2 dart slugs (D:1)
  4 ball pythons
  6 endoplasms
  A giant cockroach (D:1)
  7 goblins
  3 hobgoblins
  3 quokkas
  7 bats
  5 kobolds
  6 rats
44 creatures vanquished.

Vanquished Creatures (others)
  94 foxfires
94 creatures vanquished.

Grand Total: 138 creatures vanquished

Notes
Turn   | Place    | Note
-------+----------+-------------------------------------------
     0 | D:1      | muata the Djinni Fire Elementalist began the quest for the
                  | Orb.
     0 | D:1      | Reached XP level 1. HP: 15/15 MP: 0/0
     1 | D:1      | Found a runed translucent door.
   428 | D:1      | Reached skill level 3 in Spellcasting
   477 | D:1      | Reached XP level 2. HP: 13/21 MP: 0/0
   757 | D:1      | Found a faded altar of an unknown god.
   968 | D:1      | Reached XP level 3. HP: 18/25 MP: 0/0
   968 | D:1      | Learned a level 1 spell: Sting
  1567 | D:2      | Upgraded the game from 0.27-a0-1081-ge8a0a9c698 to
                  | 0.27-a0-1137-g3ef0f4ec91
  2029 | D:3      | Reached skill level 4 in Spellcasting
  2094 | D:3      | Found an opulent altar of Gozag.
  2195 | D:3      | Reduced skill Spellcasting to level 3
  2195 | D:3      | Upgraded the game from 0.27-a0-1137-g3ef0f4ec91 to
                  | 0.27-a0-1301-g128193abf8
  2195 | D:3      | Reached XP level 4. HP: 31/31 MP: 0/0
  2195 | D:3      | Quit the game

Illustrated notes

Levels and vault maps discovered:
D:1:      dpeg_arrival_caged_fury, layout_loops_ring,
          ebering_ecumenical_altar_rust
D:2:      layout_rooms, minivault_11, minmay_tetromino_l4
D:3:      layout_loops_cross, tgw_sif, old_standard_altar,
          uniq_crazy_yiuf_cottage

Skill      XL: |  1  2  3 |
---------------+----------+-----
Spellcasting   | 3 3 |  3.6
Dodging        | |  2.1
Stealth        | |  1.5

Action                   |  1- 3 |  4- 6 || total
-------------------------+-------+-------++-------
Melee: Short sword       |     7 |       ||     7
 Cast: Foxfire           |    63 |       ||    63
Armor: Robe              |     5 |       ||     5
Dodge: Dodged            |    15 |       ||    15

Table legend: (Time is in decaauts)
 A = Elapsed time spent in this place.
 B = Non-inter-level travel time spent in this place.
 C = Inter-level travel time spent in this place.
 D = Time resting spent in this place.
 E = Time spent auto-exploring this place.
 F = Levels seen in this place.
 G = Mean time per level.
                   A        B        C        D        E       F      G
               +--------+--------+--------+--------+--------+-----+--------+
         Total |   2194 |   2167 |     27 |    299 |   1468 |   3 |  731.3 |
       Dungeon |   2194 |   2167 |     27 |    299 |   1468 |   3 |  731.3 |
               +--------+--------+--------+--------+--------+-----+--------+

Top non-repeatable levels by time:
     D:1: 1285 daAuts
     D:2: 729 daAuts
     D:3: 179 daAuts
